groovejumper, neutral female human Wizard ------ ------ --------------- ##.....| --------------- |..{.| |..............# ## |....-###########-.............-# |....| |......@u....%|##[#########|....| # |.............|#####.....| |.......:...)..########## -|---- #[########..............|# |....| |----#--.----.| ### #### ---#--------#--% |....| |.............| # # ################ --.--- |.............+####### ### # ### # #^ |............|| # ### # # # --------------- ## ## ###### # ### -----.-- #--.----- # # |.......######|......| ### ###0 |......| # |......| #----.--#------ |.G....|######|......| #|............| |..u...| # #|......| #|............| |......|## #|......| #...........<.| -------- #-----##- -------------- ######### groovejumper the Magician Experience level: 12 Strength: 18 Dexterity: 18 Constitution: 18 Intelligence: 18 Wisdom: 16 Charisma: 8 Health: 0(88) Energy: 45(125) AC: 1 Gold: 0 Moves: 26569 Your Inventory: Weapons a - a blessed +6 quarterstaff (weapon in hands) c - 4 uncursed [+0] darts of stealth (in quiver) Armor q - an [uncursed] +0 leather armor (being worn) z - an uncursed very burnt rotted +2 cloak of magic resistance (being worn) G - an [uncursed] +0 pair of fencing gloves [gauntlets of dexterity] (being worn) J - an [uncursed] very rusty +0 etched helmet [helmet] (being worn) K - an [uncursed] +0 T-shirt (being worn) U - a [blessed] +2 pair of hard shoes [iron] (being worn) Comestibles T - an [uncursed] tripe ration V - an [uncursed] fortune cookie W - an [uncursed] food ration Rings g - an uncursed ring of regeneration Wands l - an uncursed wand of teleportation (0:4) Z - an uncursed wand of fire (0:5) Tools b - an uncursed bag of holding u - an uncursed [+0] unicorn horn A - an uncursed sack named wands B - an uncursed blindfold (being worn) Q - an uncursed key [skeleton key] Gems p - an uncursed gray stone [luckstone] r - an uncursed gray stone [flint] Contents of the bag of holding: 8080 gold pieces an uncursed C-ration an [uncursed] avacado an [uncursed] candy bar an [uncursed] cram ration 18 [uncursed] cream pies an [uncursed stale] egg 2 [uncursed] food rations an uncursed lizard corpse an [uncursed] pear an [uncursed] tin [of stone giant meat] an [uncursed] tin [of green mold] 3 [uncursed] tripe rations 3 uncursed scrolls called earth [of earth] a blessed scroll labeled AQUE BRAGH [of food detection] a [cursed] scroll labeled HZLRC KSTSBD MPFNG [of charging] an uncursed scroll labeled KERNOD WEL [of magic mapping] an [uncursed] scroll labeled READ ME [of gold detection] 4 uncursed scrolls of confuse monster 4 [uncursed] scrolls of create monster an uncursed scroll of fire 3 uncursed scrolls of light an uncursed scroll of punishment 4 uncursed scrolls of remove curse a cursed scroll of remove curse 5 uncursed scrolls of teleportation a [blessed] scroll of teleportation a blessed unlabeled scroll [of blank paper] 4 uncursed unlabeled scrolls [of blank paper] a [cursed] unlabeled scroll [of blank paper] a [cursed] charcoal spellbook [of haste self] 19 uncursed clear potions [of water] a [cursed] clear potion [of unholy water] a [cursed] potion of enlightenment 3 [uncursed] potions of extra healing 2 [uncursed] potions of healing an [uncursed] potion of invisibility a [cursed] potion of object detection an uncursed ring of cold resistance an uncursed -1 ring of gain strength and displacement a [cursed -2] ring of gain wisdom an [uncursed] ring of invisibility an uncursed ring of levitation an [uncursed] ring of levitation an uncursed +1 ring of protection an uncursed ring of see invisible an uncursed ring of teleport control an uncursed wand of cold (0:6) an uncursed wand of create monster (0:12) an [uncursed] wand of digging [0:6] an [uncursed] wand of digging [0:6] an uncursed wand of light (0:12) an uncursed wand of light [0:11] an uncursed wand of light [0:11] an [uncursed] wand of light [0:13] an [uncursed] wand of light [0:14] an uncursed wand of magic missile (0:5) an uncursed wand of magic missile [0:5] an [uncursed] wand of magic missile [0:2] an uncursed wand of sleep [0:6] an uncursed wand of sleep [0:7] an [uncursed] wand of sleep [0:5] an uncursed wand of speed monster (0:4) an uncursed wand of striking [0:0] an uncursed wand of teleportation [0:4] an uncursed can of grease [0:21] an [uncursed] key [skeleton key] an [uncursed] leash an [uncursed] magic whistle an uncursed stethoscope an uncursed towel Contents of the sack named wands: an [uncursed] ceramic wand [of undead turning (0:7)] an uncursed grooved wand [of lightning (0:4)] an [uncursed] grooved wand [of lightning (0:5)] an uncursed long wand [of locking (0:4)] an uncursed oak wand [of opening (0:6)] Spells known in the end: Name Level Category Fail Memory a - force bolt 1 attack 4% [||||||..] b - magic missile 2 attack 0% [||||||..] c - confuse monster 2* enchantment 4% [........] d - detect monsters 1 divination 4% [|.......] e - cure blindness 2 healing 16% [|||.....] f - wizard lock 2 matter 16% [|||.....] g - extra healing 3 healing 81% [|||||...] h - create monster 2 clerical 16% [||||||..] i - teleport away 6 escape 100% [||||||..] j - slow monster 2 enchantment 4% [||||||||] Your skills at the end: Fighting Skills Weapon Skills quarterstaff [Expert / Expert] Spellcasting Skills attack spells [Expert / Expert] enchantment spells [Basic / Skilled] Final Attributes: You were piously aligned. Hunger level was 229. Your alignment was 141 / 142. Monster difficulty range was 1 - 11. Level difficulty was 10. You resisted fire. You resisted cold. You resisted electricity. You resisted poison. You were magic-protected. You saw invisible. You were telepathic. You were invisible to others. You could teleport. You had teleport control. You were lucky (3). You had extra luck. Bad luck did not time out for you. Good luck did not time out for you. You are dead. Vanquished creatures: a vampire lord an ice devil Aphrodite a vampire 7 ghosts 2 giant mimics 3 fire giants an ogre king an umber hulk a flesh golem 2 large mimics a long worm 5 stalkers 2 water elementals a hill giant a black naga 3 giant zombies a water demon a winter wolf 5 small mimics 2 xans a quantum mechanic 4 trolls a gelatinous cube a large dog 3 freezing spheres 3 flaming spheres 2 shocking spheres a tiger a gargoyle a dwarf king 2 tengu 2 ochre jellies a leocrotta an energy vortex a mountain centaur 7 stone giants an elf mummy a human mummy 2 red nagas a python a cobra 8 wraiths an ettin zombie a leather golem 5 Grey-elves 4 soldiers a watchman a horned devil a chameleon 2 crocodiles 6 giant beetles 2 quivering blobs 17 wolves 3 spotted jellies 6 leprechauns an orc-captain an iron piercer a mumak 2 giant spiders a scorpion 3 horses an ice vortex 3 gnome kings 3 orc mummies a dwarf mummy 3 brown puddings a rust monster 2 owlbears a yeti 2 gold golems 3 werewolves a Green-elf 2 lizards a chickatrice 4 dingos 3 jaguars 2 dwarf lords 2 blue jellies 3 white unicorns a black unicorn 2 dust vortices 2 ravens a gnome mummy 3 snakes 4 apes 2 human zombies 2 rope golems 10 Woodland-elves 4 fire ants 6 snow ants a bugbear an imp 3 quasits 7 wood nymphs 6 water nymphs 11 mountain nymphs 16 Mordor orcs 13 Uruk-hai 3 rock piercers 2 enormous rats 3 rock moles 3 ponies 2 fog clouds 4 yellow lights a shrieker 3 violet fungi 16 gnome lords 8 gnomish wizards 3 kobold mummies 4 red naga hatchlings a black naga hatchling a guardian naga hatchling 2 gray oozes 5 elf zombies 5 ghouls 5 straw golems 4 paper golems 3 wax golems 2 baby crocodiles 11 giant ants 2 little dogs 6 floating eyes 2 kittens 22 dwarves 9 homunculi a kobold shaman 30 hill orcs 5 rothes 3 rabid rats 5 centipedes a giant bat 3 Kop Sergeants 8 orc zombies 3 dwarf zombies 2 wererats a werejackal 4 muggers 5 iguanas 7 killer bees 2 acid blobs 4 coyotes 3 gas spores 12 hobbits 2 manes 2 large kobolds 3 hobgoblins 6 giant rats 2 cave spiders a brown mold 3 yellow molds 4 green molds 2 red molds 85 gnomes 30 Keystone Kops 6 garter snakes 5 gnome zombies 12 geckos 17 jackals a fox 5 kobolds 4 goblins 11 sewer rats 5 grid bugs a bat 4 lichens 4 kobold zombies 5 newts 732 creatures vanquished. Voluntary challenges: You used a wielded weapon 712 times. You read items or engraved 78 times. You put on armor 25 times. You never genocided any monsters. You never polymorphed an object. You never changed form. You used no wishes. You wrote Elbereth's name 37 times. You never encountered a bones level. You used 1 Sokoban shortcut. Dungeon overview: The Dungeons of Doom: levels 1 to 12 Level 1 a fountain a long staircase Level 2 some fountains stairs to The Gnomish Mines Level 3 some fountains portal to Advent Calendar Level 4 a potion shop, a fountain Level 5 a delicatessen Level 6 some fountains Level 7 a sink stairs to Sokoban Level 8 some fountains Level 9 a sink stairs to Town Level 10 <- You were here a fountain Level 11 a general store, a sink Level 12 a fountain portal to The Quest The Gnomish Mines: levels 3 to 10 Level 3 stairs to The Dungeons of Doom Level 6 many shops, a temple, a magic chest, some fountains Level 10 a fountain The Quest: Level 1 portal to The Dungeons of Doom Sokoban: levels 4 to 6 Level 6 a magic chest stairs to The Dungeons of Doom Town: levels 6 to 8 Level 6 many shops, some fountains, a sink Level 7 many fountains, many trees Level 8 stairs to The Dungeons of Doom Advent Calendar: Level 3 many trees portal to The Dungeons of Doom History has recorded: On T:1 you entered the Dungeons of Doom to retrieve the Amulet of Yendor! On T:483 you reached level 2 of The Dungeons of Doom. On T:484 you advanced to experience level 2. On T:630 you advanced to experience level 3. On T:639 you reached level 1 of The Gnomish Mines. On T:884 you reached level 3 of The Dungeons of Doom. On T:899 you advanced to experience level 4. On T:1001 you reached level 1 of Advent Calendar. On T:1279 you advanced to experience level 5. On T:1552 you reached level 4 of The Dungeons of Doom. On T:1876 you advanced to experience level 6. On T:1897 you reached level 5 of The Dungeons of Doom. On T:2377 you reached level 6 of The Dungeons of Doom. On T:2453 you advanced to experience level 7. On T:3150 you advanced to experience level 8. On T:3447 you reached level 7 of The Dungeons of Doom. On T:3533 you reached level 3 of Sokoban. On T:4139 you reached level 2 of Sokoban. On T:5626 you advanced to experience level 9. On T:5684 you reached level 1 of Sokoban. On T:8735 you advanced to experience level 10. On T:9143 you advanced to experience level 11. On T:10060 you reached level 2 of The Gnomish Mines. On T:10353 you reached level 3 of The Gnomish Mines. On T:10418 you reached level 4 of The Gnomish Mines. On T:11757 you reached level 5 of The Gnomish Mines. On T:12291 you reached level 6 of The Gnomish Mines. On T:12418 you reached level 7 of The Gnomish Mines. On T:12933 you reached level 8 of The Gnomish Mines. On T:16454 you advanced to experience level 12. On T:16599 you reached level 8 of The Dungeons of Doom. On T:17289 you reached level 9 of The Dungeons of Doom. On T:18248 you reached level 3 of Town. On T:18385 you reached level 10 of The Dungeons of Doom. On T:19032 you reached level 11 of The Dungeons of Doom. On T:19585 you reached level 12 of The Dungeons of Doom. On T:19606 you reached level 1 of The Quest. On T:20616 you reached level 2 of Town. On T:22064 you killed Aphrodite on level 2 of Town. On T:22406 you reached level 1 of Town. Latest messages: The white unicorn misses. [HP-8=45] The white unicorn butts! The white unicorn misses. (3x) [HP-5=40] The white unicorn butts! The white unicorn kicks! The white unicorn misses. The white unicorn kicks! The white unicorn butts! The white unicorn misses. The white unicorn butts! The white unicorn kicks! [HP-24=16] [2 turns] The white unicorn butts! The white unicorn kicks! The white unicorn misses. The white unicorn kicks! [HP-13=3] The white unicorn butts! You die... Final status: Goodbye groovejumper the Wizard... You died in The Dungeons of Doom on dungeon level 10 with 69468 points, and 8080 pieces of gold, after 26569 moves. You were level 12 with a maximum of 88 hit points when you died.